 Dungeon Crawl Stone Soup version 0.25.1-2-g60ff931df9 (webtiles) character file.

Game seed: 12727824468514491733

12859 nikku the Covert (level 11, -1/60 HPs)
             Began as a Spriggan Assassin on Aug 22, 2020.
             Was a Priest of Dithmenos.
             Slain by a skeletal warrior
             ... wielding a +0 halberd
             ... led by a skeletal warrior
              (21 damage)
             ... on level 11 of the Dungeon.
             The game lasted 01:00:08 (16286 turns).

nikku the Covert (Spriggan Assassin)               Turns: 16286, Time: 01:00:09

Health: -1/60      AC:  6    Str: 10    XL:     11   Next: 68%
Magic:  12/12      EV: 28    Int: 14    God:    Dithmenos [***...]
Gold:   725        SH:  5    Dex: 17    Spells: 6/10 levels left

rFire    . . .     SeeInvis +   a - +4 dagger (flame)
rCold    + . .     Gourm    .   (shield restricted)
rNeg     . . .     Faith    .   J - +1 robe
rPois    .         Spirit   .   (helmet restricted)
rElec    .         Reflect  +   c - +2 cloak
rCorr    .         Harm     .   (gloves unavailable)
MR       ++...                  (boots unavailable)
Stlth    ++++++++..             g - amulet of reflection
HPRegen  0.20/turn              y - ring of protection from magic
MPRegen  0.13/turn              D - ring of protection from cold

@: wreathed by umbra, very quick
A: very small, unfitting armour, see invisible, herbivore, speed 3, slow
metabolism 2
a: Shadow Step, Renounce Religion


You were on level 11 of the Dungeon.
You worshipped Dithmenos.
Dithmenos was most pleased with you.
You were not hungry.

You visited 2 branches of the dungeon, and saw 12 of its levels.

You collected 725 gold pieces.

Inventory:

Hand Weapons
 a - a +4 dagger of flaming (weapon)
 b - a +0 hunting sling
Missiles
 x - 60 sling bullets
 F - 8 poisoned darts (quivered)
 I - 6 datura-tipped darts
Armour
 c - a +2 cloak (worn)
 h - the +0 cloak of Gasyt {rN+}
   (You found it on level 9 of the Dungeon)

   It protects you from negative energy.
 J - a +1 robe (worn)
Jewellery
 g - an amulet of reflection (around neck)
 y - a ring of protection from magic (left hand)
 D - a ring of protection from cold (right hand)
 E - an uncursed ring of fire
Wands
 j - a wand of random effects (29)
 n - a wand of polymorph (10)
 o - a wand of iceblast (5)
 H - a wand of disintegration (11)
Scrolls
 i - 2 scrolls of magic mapping
 k - 5 scrolls of teleportation
 p - 2 scrolls of fog
 s - 2 scrolls of fear
 t - 5 scrolls of remove curse
 C - 2 scrolls of amnesia
Potions
 d - 2 potions of flight
 e - a potion of might
 l - 2 potions of brilliance
 m - 3 potions of haste
 q - a potion of stabbing
 r - a potion of lignification
 u - 5 potions of magic
 v - a potion of ambrosia
 w - 3 potions of curing
 z - a potion of mutation
 A - 2 potions of heal wounds
 B - a potion of cancellation {unknown}
 G - 2 potions of degeneration {unknown}
Comestibles
 f - 16 rations


   Skills:
 + Level 7.8 Fighting
 + Level 10.1 Short Blades
 + Level 0.0(4.4) Slings
 - Level 6.0 Throwing
 + Level 12.5 Dodging
 + Level 14.4 Stealth


You had 6 spell levels left.
You knew the following spells:

 Your Spells              Type           Power        Failure   Level  Hunger
a - Blink                 Tloc           N/A          41%         2    ###....
b - Slow                  Hex            #.......     41%         2    ###....

Your spell library contained the following spells:

 Spells                   Type           Power        Failure   Level  Hunger
 Magic Dart               Conj           #...         28%         1    ##.....
 Summon Small Mammal      Summ           #...         28%         1    ##.....
 Call Imp                 Summ           #.......     41%         2    ###....
 Call Canine Familiar     Summ           #.......     65%         3    ####...
 Conjure Flame            Conj/Fire      #.......     65%         3    ####...
 Mephitic Cloud           Conj/Pois/Air  #.......     65%         3    ####...
 Summon Guardian Golem    Hex/Summ       #.......     65%         3    ####...
 Summon Ice Beast         Ice/Summ       #.......     96%         4    #####..
 Summon Lightning Spire   Summ/Air       #.......     96%         4    #####..


Dungeon Overview and Level Annotations

Branches:
Dungeon (11/15)            Temple (1/1) D:6             Orc (0/2) D:9
   Lair: D:8-11

Altars:
Ashenzari
Cheibriados
Dithmenos
Elyvilon
Fedhas
Gozag
Hepliaklqana
Kikubaaqudgha
Makhleb
Nemelex Xobeh
Okawaru
Qazlal
Ru
Sif Muna
Trog
Uskayaw
Vehumet
Wu Jian
Xom
Yredelemnul
Zin
The Shining One

Shops:
D:9 *

Annotations:
D:5 1 runed translucent door
D:6 1 runed translucent door, Maadim's ghost, novice FoFi


Innate Abilities, Weirdness & Mutations

You are very small and have problems with some larger weapons.
You are too small for most types of armour.
You have supernaturally acute eyesight. (SInv)
You are a herbivore.
You cover ground extremely quickly.
You need to consume almost no food.


Message History

You hit the skeletal warrior. You burn the skeletal warrior.
The skeletal warrior is moderately damaged.
The skeletal warrior hits you with a +0 flail!
You are too injured to fight recklessly!
You are too injured to fight recklessly!
You are too injured to fight recklessly!
You are too injured to fight recklessly!
You are too injured to fight recklessly!
You see here a pair of gloves.
There is a stone staircase leading down here.
You climb downwards.
There is a stone staircase leading up, spattered with blood here.
Your shadow no longer tangibly mimics your actions.
The skeletal warrior is too close now for your liking.
The skeletal warrior hits you from afar with a +0 halberd.
The skeletal warrior hits you from afar with a +0 halberd!!
The skeletal warrior closely misses you.
You see here 3 stones.
The skeletal warrior hits you with a +0 halberd!!
You die...

###(...#
#....(.#
#.#(...#
#.#....#
#.#(...#
#...(..#
#......#
#####....z(#
.........[@.#
#..##...#....#
#..##......(.#
#........[..[#
#............#
.#####......#
#......#
#......#
#....(.#


You could see a skeletal warrior.

Vanquished Creatures
  5 two-headed ogres
  A deep troll (shapeshifter) (D:10)
  Pikel (D:9)
  An orc sorcerer (D:9)
  A gargoyle (D:10)
  A centaur skeleton (D:10)
  A troll (D:9)
  A hornet (D:9)
  A human (D:8)
  5 yaks
  4 hogs (D:8)
  A hungry ghost (D:9)
  6 orc warriors
  2 sky beasts
  A black bear (D:8)
  2 phantoms
  A necrophage (D:9)
  2 ice beasts (D:6)
  4 centaurs
  2 ogres
  A hornet zombie (D:9)
  2 big kobolds (D:10)
  9 bullfrogs
  4 scorpions
  7 killer bees
  17 wights
  An electric eel (D:9)
  2 centaur zombies
  3 crimson imps
  A bullfrog zombie (D:5)
  A jelly (D:9)
  3 hounds
  11 orc priests
  7 orc wizards
  A bullfrog skeleton (D:8)
  Terence (D:2)
  3 iguanas
  8 worker ants
  2 killer bee zombies
  A hound zombie (D:5)
  A hound skeleton (D:5)
  A howler monkey zombie (D:10)
  6 worker ant zombies
  12 gnolls
  2 howler monkey skeletons
  17 adders
  A shadow imp (D:5)
  An ooze (D:5)
  3 adder zombies (D:5)
  An adder skeleton (D:9)
  6 worms
  3 leopard geckos
  36 orcs
  7 giant cockroaches
  14 goblins
  11 hobgoblins
  10 jackals
  19 kobolds
  4 quokkas
  A ball python zombie (D:5)
  4 bats
  5 frilled lizards
  A giant cockroach zombie (D:5)
  A kobold zombie (D:5)
  2 rats
  A spectral orc (D:2)
298 creatures vanquished.

Vanquished Creatures (others)
  2 slaves (D:9)
  An orc (D:9)
  6 fungi (D:11)
  A plant (D:6)
10 creatures vanquished.

Grand Total: 308 creatures vanquished

Notes
Turn   | Place    | Note
-------+----------+-------------------------------------------
     0 | D:1      | nikku the Spriggan Assassin began the quest for the Orb.
     0 | D:1      | Reached XP level 1. HP: 10/10 MP: 2/2
   190 | D:1      | Reached skill level 6 in Stealth
   201 | D:1      | Reached XP level 2. HP: 9/15 MP: 3/3
   536 | D:1      | Reached XP level 3. HP: 18/18 MP: 4/4
  1130 | D:2      | Reached XP level 4. HP: 23/23 MP: 5/5
  1393 | D:2      | Noticed Terence
  1429 | D:2      | Killed Terence
  2057 | D:2      | Reached XP level 5. HP: 27/27 MP: 6/6
  2166 | D:2      | Found a basalt altar of Yredelemnul.
  2889 | D:3      | Reached skill level 7 in Stealth
  3588 | D:4      | Found an iron altar of Okawaru.
  3790 | D:4      | Reached XP level 6. HP: 23/32 MP: 7/7
  4294 | D:5      | Entered Level 5 of the Dungeon
  4314 | D:5      | Noticed a two-headed ogre
  4357 | D:5      | Killed a two-headed ogre
  4357 | D:5      | Reached skill level 5 in Dodging
  4357 | D:5      | Reached skill level 8 in Stealth
  4357 | D:5      | Reached XP level 7. HP: 36/36 MP: 8/8
  4550 | D:5      | Reached skill level 5 in Short Blades
  4554 | D:5      | Reached XP level 8. HP: 42/42 MP: 9/9
  4858 | D:5      | Found a runed translucent door.
  4861 | D:5      | Found a basalt altar of Yredelemnul.
  4925 | D:5      | Reached skill level 9 in Stealth
  6024 | D:6      | Reached skill level 5 in Throwing
  6283 | D:6      | Noticed Maadim's ghost (novice FoFi)
  6590 | D:6      | Found a runed translucent door.
  7442 | D:6      | Reached skill level 10 in Stealth
  7442 | D:6      | Reached XP level 9. HP: 27/46 MP: 10/10
  7865 | D:6      | Found a staircase to the Ecumenical Temple.
  7874 | Temple   | Entered the Ecumenical Temple
  8067 | Temple   | Became a worshipper of Dithmenos the Shadowed
  8629 | D:7      | Learned a level 2 spell: Blink
  8632 | D:7      | Learned a level 2 spell: Slow
  8802 | D:7      | Found a burning altar of Makhleb.
  8976 | D:7      | Found a sacrificial altar of Ru.
  9115 | D:8      | Reached skill level 5 in Fighting
  9135 | D:8      | Noticed a two-headed ogre
  9180 | D:8      | Killed a two-headed ogre
  9180 | D:8      | Reached skill level 11 in Stealth
  9276 | D:8      | Reached * piety under Dithmenos
  9625 | D:8      | Reached XP level 10. HP: 53/53 MP: 11/11
 10067 | D:8      | Reached skill level 12 in Stealth
 10240 | D:8      | Found a glowing silver altar of Zin.
 10387 | D:9      | Reached skill level 10 in Dodging
 10421 | D:9      | Got an ancient cloak
 10432 | D:9      | Identified the +0 cloak of Gasyt {rN+} (You found it on
                  | level 9 of the Dungeon)
 10443 | D:9      | Found Cablem's Assorted Antiques.
 10724 | D:9      | Reached ** piety under Dithmenos
 11417 | D:9      | Noticed an orc sorcerer
 11843 | D:9      | Killed an orc sorcerer
 11856 | D:9      | Noticed a two-headed ogre
 11881 | D:9      | Killed a two-headed ogre
 11881 | D:9      | Reached skill level 13 in Stealth
 12070 | D:9      | Noticed a two-headed ogre
 12122 | D:9      | Killed a two-headed ogre
 12122 | D:9      | Reached XP level 11. HP: 58/58 MP: 12/12
 12242 | D:9      | Noticed Pikel
 12264 | D:9      | Reached *** piety under Dithmenos
 12360 | D:9      | Killed Pikel
 12619 | D:9      | Found a staircase to the Orcish Mines.
 12817 | D:10     | Entered Level 10 of the Dungeon
 13227 | D:10     | Noticed a two-headed ogre
 13262 | D:10     | Killed a two-headed ogre
 13599 | D:10     | Reached skill level 14 in Stealth
 13685 | D:10     | Noticed a fire crab
 13703 | D:10     | HP: 1/58 [fire crab (shapeshifter)] (10)]
 14028 | D:10     | Noticed a deep troll
 14028 | D:10     | a manticore changed into a deep troll
 14055 | D:10     | Killed a deep troll
 14357 | D:10     | Reached skill level 10 in Short Blades
 14725 | D:11     | Noticed a purple ugly thing
 14764 | D:10     | Reached **** piety under Dithmenos
 15066 | D:11     | Noticed a skeletal warrior
 15066 | D:11     | Noticed a skeletal warrior
 15066 | D:11     | Noticed a skeletal warrior
 15066 | D:11     | Noticed a skeletal warrior
 16286 | D:11     | Slain by a skeletal warrior

Illustrated notes

Levels and vault maps discovered:
D:1:      lightli_arrival_noodles, layout_basic
D:2:      kennysheep_the_goblin_king, layout_loops_ring,
          yredelemnul_forgotten_temple_becter, serial_forest,
          infiniplex_forest_clump_small, infiniplex_forest_end_2,
          infiniplex_forest_straight_1, infiniplex_forest_clump_medium,
          infiniplex_forest_clump_diagonal, infiniplex_forest_end_1,
          minmay_tetromino_o2, uniq_terence
D:3:      layout_basic, first_ration
D:4:      layout_basic, minivault_23, okawaru_altar_gauntlet_db
D:5:      layout_cave_pods, serial_undead, serial_undead_e, serial_undead_e,
          serial_undead_d, serial_undead_a, dk_yredelemnul_ordeal
D:6:      layout_basic, temple_fountains, hellmonk_ghost_happy_afterlife,
          serial_bayou_pond_e
D:7:      layout_cave_pools, lightli_temple_of_fire, nicolae_ru_path_of_blood
D:8:      layout_rooms, old_standard_altar, serial_curves, eino_curves_03,
          eino_curves_03, grunt_livestock
D:9:      cheibrodos_wizards_tower, layout_irregular_city, erik_orc_2,
          serial_shops, nicolae_shop_waterfront, uniq_pikel
D:10:     minmay_cornered_nines, layout_rooms, minivault_16
D:11:     minmay_razor_zed, layout_stronghold, due_lair_maze_entry_diamond,
          gauntlet_entry_generic, ebering_dispersal_statue_hall, minivault_29
Temple:   dpeg_five_rooms_temple

Skill      XL: |  1  2  3  4  5  6  7  8  9 10 11 |
---------------+----------------------------------+-----
Stealth        | 6 7 8 10 11 13 14 | 14.4
Dodging        | 2 3 4 5 6 7 9 11 12 | 12.5
Fighting       | 2 3 4 5 6 7 |  7.8
Short Blades   | 3 4 5 6 7 9 10 | 10.1
Throwing       | 3 4 5 6 |  6.0

Action                   |  1- 3 |  4- 6 |  7- 9 | 10-12 || total
-------------------------+-------+-------+-------+-------++-------
Melee: Dagger            |    45 |    91 |   500 |   773 ||  1409
 Fire: Hunting sling     |       |       |       |    29 ||    29
Throw: Dart              |    82 |    82 |    44 |    68 ||   276
Evoke: Wand              |       |       |     6 |    10 ||    16
  Use: Scroll            |     7 |    11 |     3 |     6 ||    27
       Potion            |       |       |       |     1 ||     1
 Stab: Sleeping          |     5 |    11 |    18 |    16 ||    50
       Distracted        |       |       |     1 |     5 ||     6
  Eat: Ration            |       |       |     3 |     4 ||     7
Armor: Robe              |     5 |     7 |    25 |    24 ||    61
Dodge: Dodged            |    35 |    66 |   255 |   445 ||   801
Block: Other             |       |       |    42 |    82 ||   124
       Reflection        |       |       |       |     3 ||     3
